AoeStats
← klostrofobikköstebek

Black Forest

506233554Analyzed
4v4 RM · 20d ago on Sep 12, 2026· 47m 56s· 8 players
Game mode
Random Map
Map size
Large (8 player)
Population
200
Speed
Normal
Resources
Standard
Victory
Conquest
Starting age
Dark Age
Ending age
Imperial Age
RankedLock teamsTeams togetherTeam positionsShared explorationLock speedFull tech treeHidden civsTurbo modeCheats
Victory
Defeat
🇺🇸 Khmer · United States
1484
+14
🇹🇷 Romans · Türkiye
1424
+17
🇨🇳 Koreans · China
1383
+18
🇹🇷 Portuguese · Türkiye
1347
+20
🇩🇪 Ethiopians · Germany
1449
-18
🇬🇧 Vietnamese · United Kingdom
1437
-17
🇫🇷 Tatars · France
1437
-17
🇵🇰 Khmer · Pakistan
1421
-17
Grintoid
0:49 Loom
14:55 Feudal Age
19:20 Castle Age
19:40 Double-Bit Axe
19:36 Horse Collar
19:55 Fletching
30:12 Wheelbarrow
30:52 Bow Saw
33:35 Fortified Wall
35:06 Hand Cart
34:54 Heavy Plow
41:25 Imperial Age
43:42 Imperial Age
41:06 Gold Mining
42:14 Bodkin Arrow
44:31 Bracer
45:32 Chemistry
45:16 Padded Archer Armor
44:37 Elite Skirmisher
45:05 Pikeman
Jambonbeurre
10:51 Feudal Age
14:27 Castle Age
12:34 Double-Bit Axe
15:01 Loom
15:59 Bow Saw
15:41 Horse Collar
19:39 Wheelbarrow
20:53 Devotion
21:04 Gold Mining
21:33 Loom
24:47 Hand Cart
25:18 Scale Barding Armor
30:39 Imperial Age
29:30 Chain Barding Armor
29:07 Stone Mining
30:10 Bloodlines
30:00 Husbandry
30:28 Forging
30:27 Heavy Plow
31:00 Heavy Camel Rider
32:20 Plate Barding Armor
33:27 Iron Casting
36:16 Elite Steppe Lancer
36:46 Onager
41:16 Caravan
CherryBEE
0:46 Loom
12:20 Feudal Age
16:05 Castle Age
13:54 Double-Bit Axe
14:06 Horse Collar
18:50 Bow Saw
22:45 Fletching
23:35 Heavy Plow
25:32 Wheelbarrow
24:42 Town Watch
24:55 Gold Mining
30:14 Imperial Age
29:06 Bodkin Arrow
29:12 Padded Archer Armor
30:02 Hand Cart
30:49 Gold Shaft Mining
31:58 Chemistry
31:05 Siege Engineers
31:00 Onager
32:25 Leather Archer Armor
32:16 Crossbowman
33:02 Thumb Ring
33:12 Arbalester
35:14 Caravan
35:18 Bracer
37:41 Ring Archer Armor
37:30 Torsion Engines
37:51 Conscription
38:16 Siege Onager
Horizon
12:11 Feudal Age
14:59 Castle Age
12:45 Double-Bit Axe
12:53 Horse Collar
15:53 Bow Saw
16:25 Heavy Plow
20:31 Wheelbarrow
22:03 Loom
23:27 Hand Cart
25:24 Gold Mining
25:24 Stone Mining
28:36 Imperial Age
25:52 Loom
27:24 Scale Barding Armor
27:29 Forging
28:27 Bloodlines
28:17 Husbandry
28:39 Chain Barding Armor
28:19 Town Watch
29:14 Gold Shaft Mining
29:51 Iron Casting
30:02 Coinage
30:06 Conscription
30:45 Plate Barding Armor
30:51 Caravan
30:39 Elite Battle Elephant
32:08 Banking
33:27 Conscription
34:10 Blast Furnace
35:20 Tusk Swords
45:05 Fletching
45:27 Masonry
45:23 Siege Engineers
46:19 Chemistry
johnnyboy
11:01 Feudal Age
14:10 Castle Age
12:05 Double-Bit Axe
12:30 Horse Collar
18:51 Loom
19:51 Wheelbarrow
19:03 Town Watch
21:02 Gold Mining
21:02 Stone Mining
21:32 Bow Saw
21:24 Heavy Plow
25:33 Gold Mining
25:34 Stone Mining
26:02 Hand Cart
27:35 Scale Barding Armor
27:42 Forging
30:46 Imperial Age
30:25 Gold Shaft Mining
30:26 Stone Shaft Mining
30:13 Ballistics
30:04 Masonry
30:38 Fletching
32:18 Crop Rotation
32:55 Chemistry
32:26 Heavy Scorpion
33:14 Double Crossbow
33:34 Conscription
34:07 Siege Engineers
34:32 Architecture
35:16 Bodkin Arrow
35:43 Chain Barding Armor
35:59 Iron Casting
37:50 Bracer
38:26 Plate Barding Armor
38:52 Blast Furnace
38:02 Tusk Swords
38:38 Hoardings
40:02 Elite Battle Elephant
40:43 Husbandry
40:54 Bloodlines
Tameryig1t
5:47 Loom
11:49 Feudal Age
16:01 Castle Age
20:05 Wheelbarrow
26:03 Imperial Age
23:45 Double-Bit Axe
25:03 Bow Saw
24:36 Horse Collar
25:17 Gold Mining
25:17 Stone Mining
26:17 Heavy Plow
27:26 Hand Cart
27:41 Ballistics
29:08 Chemistry
29:34 Fletching
29:44 Padded Archer Armor
31:34 Bombard Tower
33:05 Stone Shaft Mining
35:18 Murder Holes
34:50 Pikeman
35:15 Arson
35:16 Gambesons
35:31 Bodkin Arrow
35:51 Leather Archer Armor
37:00 Thumb Ring
36:15 Crossbowman
37:02 Crossbowman
39:59 Arbalester
40:50 Bracer
41:21 Ring Archer Armor
41:16 Conscription
41:01 Circumnavigation
42:44 Arquebus
tugou
0:42 Loom
12:43 Feudal Age
16:34 Castle Age
15:05 Double-Bit Axe
15:44 Horse Collar
17:37 Fletching
19:36 Bodkin Arrow
20:40 Bow Saw
20:45 Gold Mining
23:40 Ballistics
29:22 Imperial Age
27:21 Stone Mining
28:20 Eupseong
33:06 Bracer
35:59 Conscription
35:28 Elite War Wagon
36:53 Wheelbarrow
37:39 Scale Mail Armor
37:34 Elite War Wagon
39:10 Chain Mail Armor
39:44 Squires
39:37 Pikeman
40:29 Halberdier
40:56 Arson
42:46 Plate Mail Armor
42:27 Forging
42:38 Hand Cart
44:08 Elite Fire Lancer
klostrofobikköstebek
0:42 Loom
11:29 Feudal Age
17:37 Castle Age
15:55 Double-Bit Axe
17:04 Horse Collar
21:33 Wheelbarrow
21:11 Bow Saw
22:20 Heavy Plow
28:16 Hand Cart
28:46 Ballistics
31:37 Imperial Age
29:43 Gold Mining
30:07 Ballistas
30:50 Pikeman
31:30 Squires
31:40 Heavy Scorpion
33:21 Chemistry
33:15 Scale Mail Armor
33:25 Forging
34:18 Chain Mail Armor
35:24 Iron Casting
34:51 Halberdier
37:26 Blast Furnace
38:54 Siege Engineers
39:29 Capped Ram
43:07 Siege Ram
46:11 Gold Shaft Mining
45:27 Stone Mining
46:11 Crop Rotation
46:54 Caravan
Connection lost

Rejoining the realm…

Still unreachable

The connection could not be restored.

Session expired

The server has moved on; the page needs a fresh start.